 Dungeon Crawl Stone Soup version 0.31-a0-300-g4ac5daa9c1 (webtiles) character file.

Game seed: 6671989059742598018

24 Angani the Vexing (level 3, 28/28 HPs)
             Began as a Human Wanderer on June 29, 2023.
             Quit the game on level 1 of the Dungeon on July 16, 2023.
             The game lasted 00:01:36 (701 turns).

Angani the Vexing (Human Wanderer)                   Turns: 701, Time: 00:01:37

Health: 28/28      AC:  2    Str: 10    XL:     3   Next: 15%
Magic:  6/6        EV: 12    Int: 12    God:
Gold:   66         SH:  0    Dex: 16    Spells: 5/6 levels left

rFire   . . .        a - +3 quarterstaff
rCold   . . .        (shield currently unavailable)
rNeg    . . .        c - +0 robe
rPois   .            (no helmet)
rElec   .            (no cloak)
rCorr   .            (no gloves)
SInv    .            (no boots)
Will    .....        (no amulet)
Stlth   +            (no ring)
HPRegen 0.24/turn    (no ring)
MPRegen 0.10/turn

%: no passive effects
@: no status effects
A: no striking features
a: no special abilities


You were on level 1 of the Dungeon.
You visited 1 branch of the dungeon, and saw 1 of its levels.

You collected 66 gold pieces.

Inventory:

Hand Weapons
 a - a +3 quarterstaff (weapon)
Missiles
 j - a throwing net
Armour
 c - a +0 robe (worn)
Scrolls
 b - a scroll of teleportation
 e - 2 scrolls of identify {unknown}
 h - a scroll of vulnerability {unknown}
 i - a scroll of revelation {unknown}
Potions
 d - 2 potions of attraction {unknown}
 f - a potion of berserk rage {unknown}
 g - a potion of curing {unknown}


   Skills:
 + Level 2.5 Fighting
 + Level 2.5 Staves
 + Level 1.7 Dodging
 - Level 2.0 Spellcasting
 - Level 3.0 Hexes


You had 5 spell levels left.
You knew the following spells:

 Your Spells              Type           Power      Damage    Failure   Level
a - Slow                  Hex            32%        N/A       8%          1

Your spell library contained the following spells:

 Spells                   Type           Power      Damage    Failure   Level
 Tukima's Dance           Hex            8%         N/A       24%         3


Dungeon Overview and Level Annotations

Branches:
Dungeon (1/15)

Altars:


Message History

Found a throwing net.
Found a robe.
The endoplasm quivers.
The endoplasm misses you.
You hit the endoplasm.
The endoplasm is heavily wounded.
The endoplasm hits you.
You sock the endoplasm!
You kill the endoplasm!
No target in view!
j - a throwing net You now have 66 gold pieces (gained 10).
You open the door.
There is an open door here.
You see here a hobgoblin corpse.
There is an open door here.
There is an open door here.
You see here a hobgoblin corpse.
There is an open door here.
You open the door.
A goblin comes into view. It is wielding a +0 club.
A goblin is nearby!
A goblin is nearby!
There is an open door here.
The goblin shouts!
You barely miss the goblin. The goblin misses you.
You sock the goblin!
You kill the goblin!
No target in view!
You see here a +0 club.
You open the door.
There is an open door here.
Done exploring.
Done exploring.
Welcome back, Angani the Human Wanderer.
Press ? for a list of commands and other information.
Saving game... please wait.
Welcome back, Angani the Human Wanderer.
Press ? for a list of commands and other information.
Are you sure you want to abandon this character and quit the game? (Confirm with "yes".)

########.....###
#............)..
#.#########.####
#.# #......... #.#
#.####.### #.#
#......# #.#
######## ####.#
#...#### #.@..#
#...#... ##.###
##...#..) #.#
#####........ #.#
#............ #.#
#.####....... #.#
#.##.....#...
#.####.##.....#...
#.................
######.##.....#.##


There were no monsters in sight!

Vanquished Creatures
  2 endoplasms (D:1)
  5 goblins (D:1)
  3 hobgoblins (D:1)
  2 jackals (D:1)
  A quokka (D:1)
  3 bats (D:1)
  A frilled lizard (D:1)
  2 kobolds (D:1)
  A rat (D:1)
20 creatures vanquished.

Notes
Turn   | Place    | Note
-------+----------+-------------------------------------------
     0 | D:1      | Angani the Human Wanderer began the quest for the Orb.
     0 | D:1      | Angani set off with the following items: a +3 quarterstaff,
                  | a scroll of teleportation, a +0 robe; and the following
                  | spell memorised: Slow; and the following spells available
                  | to memorise: Tukima's Dance.
     0 | D:1      | Reached XP level 1. HP: 16/16 MP: 3/3
   127 | D:1      | Reached XP level 2. HP: 22/22 MP: 5/5
   404 | D:1      | Reached XP level 3. HP: 25/28 MP: 6/6
   701 | D:1      | Upgraded the game from 0.31-a0-210-gccc998df9b to
                  | 0.31-a0-300-g4ac5daa9c1
   701 | D:1      | Quit the game

Illustrated notes

Levels and vault maps discovered:
D:1:      dpeg_arrival_rhombus, layout_basic

Action                     || total
---------------------------++-------
  Melee: Quarterstaff      ||    41
 Armour: Robe              ||     6
  Dodge: Dodged            ||    31

Table legend: (Time is in decaauts)
 A = Elapsed time spent in this place.
 B = Non-inter-level travel time spent in this place.
 C = Inter-level travel time spent in this place.
 D = Time resting spent in this place.
 E = Time spent auto-exploring this place.
 F = Levels seen in this place.
 G = Mean time per level.
                   A        B        C        D        E       F      G
               +--------+--------+--------+--------+--------+-----+--------+
         Total |    709 |    709 |      0 |      0 |    596 |   1 |  709.0 |
       Dungeon |    709 |    709 |      0 |      0 |    596 |   1 |  709.0 |
               +--------+--------+--------+--------+--------+-----+--------+

Top non-repeatable levels by time:
     D:1: 709 daAuts
